 Dungeon Crawl Stone Soup version 0.27-a0-1200-g94dc6ad4cf (webtiles) character file.

Game seed: 13079547391951637082

36 Ijustatesigmund the Skirmisher (level 3, -4/43 HPs)
             Began as a Demonspawn Fighter on June 1, 2021.
             Slain by Sigmund
             ... wielding a +0 scythe
              (6 damage)
             ... on level 2 of the Dungeon.
             The game lasted 00:01:49 (1492 turns).

Ijustatesigmund the Skirmisher (Demonspawn Fighter) Turns: 1492, Time: 00:01:50

Health: -4/43      AC: 21    Str: 16    XL:     3   Next: 19%
Magic:  3/3        EV:  2    Int:  9    God:
Gold:   25         SH:  0    Dex: 13    Spells: 2/2 levels left

rFire    . . .     SeeInvis .   a - +0 war axe
rCold    . . .     Faith    .   c - +0 kite shield
rNeg     + + +     Spirit   .   (armour currently unavailable)
rPois    +         Reflect  .   (helmet currently unavailable)
rElec    .         Harm     .   (cloak currently unavailable)
rCorr    .         Rampage  .   (gloves currently unavailable)
Will     .....     NoTele   +   (boots currently unavailable)
Stlth    +.........             (no amulet)
HPRegen  0.14/turn              (no ring)
MPRegen  0.08/turn              (no ring)

@: confused, tree-form
A: stationary, stasis, torment immunity, boosted hp, (antennae 2)
a: no special abilities


You were on level 2 of the Dungeon.
You were a tree.
You visited 1 branch of the dungeon, and saw 2 of its levels.

You collected 25 gold pieces.

Inventory:

Hand Weapons
 a - a +0 war axe (weapon)
Armour
 b - a +0 chain mail (melded)
 c - a +0 kite shield (worn)
Scrolls
 e - a scroll of magic mapping
 g - 3 scrolls of identify
Potions
 d - a potion of might


   Skills:
 + Level 3.4 Fighting
 * Level 2.9 Axes
 - Level 2.6 Armour
 - Level 2.6 Shields


You had 2 spell levels left.
You didn't know any spells.
Your spell library was empty.

Dungeon Overview and Level Annotations

Branches:
Dungeon (2/15)

Altars:

Annotations:
D:2 Sigmund


Innate Abilities, Weirdness & Mutations

You are a tree.
Your roots penetrate the ground, keeping you stationary.
You cannot be teleported.
You are immune to unholy pain and torment.
Your maximum health is greatly increased.
Your equipment is partially melded.
((You have a pair of antennae on your head.))


Message History

Something hits you! You block the goblin's attack. Something hits you!
* * * LOW HITPOINT WARNING * * *
The goblin hits you but does no damage.
You are too injured to fight recklessly!
You are too injured to fight recklessly!
You are too injured to fight recklessly!
You are too injured to fight recklessly!
You are too injured to fight recklessly!
You are too injured to fight recklessly!
You are too injured to fight recklessly!
You are too injured to fight recklessly!
You are too injured to fight recklessly!
It was a potion of lignification.
You turn into a tree.
Your +0 chain mail melds into your body.
Your roots penetrate the ground.
Something hits you.
* * * LOW HITPOINT WARNING * * *
The goblin hits you but does no damage.
You slash the goblin!
You kill the goblin!
Something hits you but does no damage. Something hits you.
* * * LOW HITPOINT WARNING * * *
You aren't carrying any items that you can evoke.
Okay, then.
As you read the scroll labelled YCKAXK ODWOHACVU, it crumbles to dust.
It is a scroll of identify.
e - a scroll of magic mapping A rat comes into view.
Something completely misses you.
A ball python comes into view.
Something hits you.
* * * LOW HITPOINT WARNING * * *
An adder comes into view.
You cannot move.
You swing at nothing.
Something hits you but does no damage.
You hear some strange, mumbled words.
You are confused.
You swing at nothing.
The ball python hisses angrily.
Something hits you.
You die...

#...##..........#..
#..................
#####........#.....
#....)...#....#
###..........####
#..<.........#
##.#).........#
#..#..........####
.###♣##.......[......
#..<)........[........
##.{.####..........>..
#.r## ##.............
#S# #..............
#S. #..............
... #.............. ..
#..........####
.............#


You could see an adder, a ball python and a rat.

Vanquished Creatures
  A worm (D:2)
  A dart slug (D:1)
  4 ball pythons (D:1)
  2 bats (D:1)
  2 endoplasms (D:1)
  A giant cockroach (D:2)
  3 goblins
  5 hobgoblins
  A kobold (D:2)
  2 quokkas
  A frilled lizard (D:2)
  2 rats
25 creatures vanquished.

Notes
Turn   | Place    | Note
-------+----------+-------------------------------------------
     0 | D:1      | Ijustatesigmund the Demonspawn Fighter began the quest for
                  | the Orb.
     0 | D:1      | Reached XP level 1. HP: 18/18 MP: 1/1
   252 | D:1      | Gained mutation: You have a pair of small antennae on your
                  | head. [demonic ancestry]
   252 | D:1      | Reached XP level 2. HP: 20/24 MP: 2/2
   678 | D:1      | Found a faded altar of an unknown god.
  1248 | D:2      | Gained mutation: You have a pair of antennae on your head.
                  | [demonic ancestry]
  1248 | D:2      | Reached XP level 3. HP: 29/29 MP: 3/3
  1479 | D:2      | Noticed Sigmund
  1490 | D:2      | HP: 1/43 [something (3)]
  1492 | D:2      | Slain by Sigmund

Illustrated notes

Levels and vault maps discovered:
D:1:      lemuel_arrival_broad_hall, layout_basic, ebering_ecumenical_altar_hall
D:2:      layout_rooms, basic_altar, uniq_sigmund

Skill      XL: |  1 |
---------------+----+-----
Axes           | 2 |  2.9
Fighting       | |  3.4
Armour         | |  2.6
Shields        | |  2.6

Action                   || total
-------------------------++-------
Melee: War axe           ||    63
  Use: Scroll            ||     1
       Potion            ||     1
Armor: Scale mail        ||    20
       Chain mail        ||    12
       Skin              ||     3
Dodge: Dodged            ||    13
Block: Kite shield       ||    31

Table legend: (Time is in decaauts)
 A = Elapsed time spent in this place.
 B = Non-inter-level travel time spent in this place.
 C = Inter-level travel time spent in this place.
 D = Time resting spent in this place.
 E = Time spent auto-exploring this place.
 F = Levels seen in this place.
 G = Mean time per level.
                   A        B        C        D        E       F      G
               +--------+--------+--------+--------+--------+-----+--------+
         Total |   1533 |   1493 |     40 |    217 |   1086 |   2 |  766.5 |
       Dungeon |   1533 |   1493 |     40 |    217 |   1086 |   2 |  766.5 |
               +--------+--------+--------+--------+--------+-----+--------+

Top non-repeatable levels by time:
     D:1: 1221 daAuts
     D:2: 311 daAuts
